 Dungeon Crawl Stone Soup version 0.27.0-1-g7a089689b8 (webtiles) character file.

Game seed: 1054519538161223115

1372 horus123 the Destroyer (level 8, 0/42 HPs)
             Began as a Deep Elf Conjurer on Aug 11, 2021.
             Was a Follower of Vehumet.
             Shot with an arrow by a centaur (13 damage)
             ... on level 6 of the Dungeon.
             The game lasted 00:14:20 (5847 turns).

horus123 the Destroyer (Deep Elf Conjurer)          Turns: 5847, Time: 00:14:20

Health: 0/42       AC:  3    Str:  4    XL:     8   Next: 38%
Magic:  5/21       EV: 13    Int: 32    God:    Vehumet [*.....]
Gold:   255        SH:  0    Dex: 13    Spells: 7/22 levels left

rFire    . . .     SeeInvis .   n - staff of air
rCold    . . .     Faith    .   (no shield)
rNeg     . . .     Spirit   .   a - +0 robe
rPois    .         Reflect  .   (no helmet)
rElec    +         Harm     .   g - +0 cloak
rCorr    .         Rampage  .   (no gloves)
Will     .....                  (no boots)
Stlth    +++.......             (no amulet)
HPRegen  0.14/turn              l - +6 ring of intelligence
MPRegen  0.17/turn              (no ring)

@: about to teleport
A: no striking features
a: Renounce Religion


You were on level 6 of the Dungeon.
You worshipped Vehumet.
Vehumet was aware of your devotion.
You visited 2 branches of the dungeon, and saw 7 of its levels.

You collected 255 gold pieces.

Inventory:

Hand Weapons
 f - a +3 quarterstaff of chaos
 o - the +7 sceptre of Torment {pain, torment}
   (You found it on level 4 of the Dungeon)

   In the hands of one skilled in necromantic magic, it inflicts extra damage on
   living creatures.
   It occasionally torments all nearby living foes when it strikes in combat.
Missiles
 k - a throwing net
Armour
 a - a +0 robe (worn)
 g - a +0 cloak (worn)
Magical Staves
 n - a staff of air (weapon)
Jewellery
 l - a +6 ring of intelligence (left hand)
Wands
 b - a wand of acid (13)
 c - a wand of iceblast (7)
Potions
 d - a potion of heal wounds {unknown}
 e - a potion of curing {unknown}
 h - a potion of lignification {unknown}
 i - 3 potions of mutation
 m - a potion of ambrosia {unknown}
 p - a potion of resistance {unknown}
 q - a potion of might {unknown}


   Skills:
 + Level 0.8 Fighting
 + Level 3.6 Dodging
 + Level 4.5 Stealth
 + Level 7.5 Spellcasting
 + Level 8.1 Conjurations
 + Level 4.9 Hexes
 * Level 2.3 Air Magic


You had 7 spell levels left.
You knew the following spells:

 Your Spells              Type           Power      Damage    Failure   Level
a - Magic Dart            Conj           100%       1d8       1%          1
b - Searing Ray           Conj           100%       3d7       1%          2
c - Dazzling Flash        Conj/Hex       100%       N/A       1%          3
d - Fulminant Prism       Conj/Hex       26%        3d14      2%          4
e - Freezing Cloud        Conj/Ice/Air   25%        6-21      26%         5

Your spell library contained the following spells:

 Spells                   Type           Power      Damage    Failure   Level
 Sandblast                Erth           24%        2d8       4%          1
 Ensorcelled Hibernation  Hex/Ice        54%        N/A       2%          2
 Summon Small Mammal      Summ           48%        N/A       4%          1
 Summon Guardian Golem    Hex/Summ       27%        N/A       4%          3
 Iskenderun's Mystic Bla  Conj/Tloc      38%        2d9       8%          4
 Metabolic Englaciation   Hex/Ice        13%        N/A       36%         5
 Alistair's Intoxication  Tmut/Pois      8%         N/A       73%         5
 Borgnjor's Vile Clutch   Necr/Erth      6%         N/A       73%         5
 Eringya's Noxious Bog    Tmut/Pois      6%         N/A       99%         6


Dungeon Overview and Level Annotations

Branches:
Dungeon (6/15)             Temple (1/1) D:4

Altars:
Ashenzari
Cheibriados
Dithmenos
Elyvilon
Fedhas
Gozag
Hepliaklqana
Kikubaaqudgha
Makhleb
Nemelex Xobeh
Okawaru
Qazlal
Ru
Sif Muna
Trog
Uskayaw
Vehumet
Wu Jian
Xom
Yredelemnul
Zin
The Shining One

Shops:
D:4 (


Message History

The ice beast is almost dead. (Press . to maintain the ray.)
The searing ray hits the ice beast!
You kill the ice beast!
Vehumet accepts your kill.
A centaur comes into view.
Your magical contamination has completely faded away.
Casting: Searing Ray (safe; 1% risk of failure)
Confirm with . or Enter, or press ? or * to list all spells.
Aiming: Fulminant Prism (dangerous; 2% risk of failure)
Press: ? - help, Dir - move target You conjure a prism of explosive energy!
The centaur shouts!
A fulminant prism comes into view.
The magic dart hits the centaur.
The centaur is lightly wounded.
The centaur wields a +0 shortbow.
The centaur shoots an arrow.
The arrow hits you!
A hound comes into view.
The centaur shoots an arrow.
The arrow hits you!
Your fulminant prism crackles loudly.
The magic dart hits the centaur but does no damage.
The centaur is lightly wounded.
The centaur shoots an arrow.
The arrow closely misses you.
Your fulminant prism explodes!
The blast of energy engulfs the hound!
The hound is almost dead.
The centaur shoots an arrow.
The arrow hits you!
* * * LOW HITPOINT WARNING * * *
As you read the scroll of teleportation, it crumbles to dust.
You feel strangely unstable.
Aiming: Iceblast
Press: ? - help, Shift-Dir - straight line, f/p - centaur
Aim: a centaur, wielding a +0 shortbow and quivering arrows (lightly wounded)
The mass of ice explodes!
The iceblast engulfs the centaur!
The centaur is severely wounded.
Vehumet accepts your kill.
You feel a bit more experienced.
The centaur shoots an arrow.
The arrow hits you!
You die...

...##.###.#..# ...
#.#..# .. .###.#..#
....
........####+###....
.#####..............
....................
................c...
.......#.......#....
...........@#......#.
..........#.....#....
.........#....#....#
########...#.†.#...#
#...#..#..#..#
##.#.#.#.#.#.
#)##.##.##)# ##.###
## [# #.## #


You could see a centaur.

Vanquished Creatures
  Pikel (D:5)
  An ice beast (D:6)
  2 ogres
  A lemure (D:5)
  Blork the orc (D:6)
  2 scorpions
  A wyvern skeleton (D:6)
  3 hounds
  Crazy Yiuf (D:2)
  A centaur skeleton (D:6)
  2 jellies
  2 iguanas (D:6)
  An orc wizard (D:2)
  A hound zombie (D:5)
  3 adders
  A white imp (D:5)
  An ufetubus (D:5)
  An adder skeleton (D:4)
  3 worms
  2 dart slugs
  9 orcs
  3 ball pythons
  7 endoplasms
  4 giant cockroaches
  7 goblins
  6 hobgoblins
  11 jackals
  5 quokkas
  3 bats
  3 frilled lizards
  3 kobolds
  3 rats
95 creatures vanquished.

Vanquished Creatures (others)
  7 fulminant prisms
  2 plants (Temple)
9 creatures vanquished.

Grand Total: 104 creatures vanquished

Notes
Turn   | Place    | Note
-------+----------+-------------------------------------------
     0 | D:1      | horus123 the Deep Elf Conjurer began the quest for the Orb.
     0 | D:1      | Reached XP level 1. HP: 10/10 MP: 6/6
   138 | D:1      | Found a faded altar of an unknown god.
   157 | D:1      | Reached XP level 2. HP: 15/15 MP: 5/8
   215 | D:1      | Reached skill level 5 in Conjurations
   379 | D:1      | Learned a level 2 spell: Searing Ray
   618 | D:1      | Reached XP level 3. HP: 19/19 MP: 6/9
   622 | D:1      | Learned a level 3 spell: Dazzling Flash
   948 | D:2      | Reached skill level 1 in Hexes
  1146 | D:2      | Found a runed translucent door.
  1147 | D:2      | Noticed Crazy Yiuf
  1153 | D:2      | Killed Crazy Yiuf
  1154 | D:2      | Reached XP level 4. HP: 24/24 MP: 6/11
  2088 | D:3      | Found a white marble altar of Elyvilon.
  2278 | D:3      | Learned a level 4 spell: Fulminant Prism
  2423 | D:3      | Reached skill level 6 in Conjurations
  2423 | D:3      | Reached XP level 5. HP: 26/28 MP: 1/13
  3032 | D:4      | Noticed an ogre
  3035 | D:4      | Killed an ogre
  3384 | D:4      | Reached XP level 6. HP: 32/32 MP: 8/15
  3433 | D:4      | Found the +7 sceptre of Torment {pain, torment}
  3474 | D:4      | Found Oging's Antique Weapon Shoppe.
  3484 | D:4      | Identified a scroll of acquirement
  3484 | D:4      | Acquired the Tome of the Creative Frostbite
  3489 | D:4      | Found a staircase to the Ecumenical Temple.
  3495 | Temple   | Entered the Ecumenical Temple
  3610 | Temple   | Became a worshipper of Vehumet
  3917 | D:4      | Reached skill level 5 in Spellcasting
  4211 | D:5      | Entered Level 5 of the Dungeon
  4924 | D:5      | Noticed Pikel
  5034 | D:5      | Killed Pikel
  5035 | D:5      | Reached skill level 7 in Conjurations
  5035 | D:5      | Reached XP level 7. HP: 23/37 MP: 8/19
  5207 | D:5      | Learned a level 5 spell: Freezing Cloud
  5470 | D:6      | Noticed Blork the orc
  5477 | D:6      | Killed Blork the orc
  5478 | D:6      | Reached XP level 8. HP: 35/42 MP: 7/20
  5604 | D:6      | Reached skill level 1 in Air Magic
  5753 | D:6      | Reached * piety under Vehumet
  5753 | D:6      | Offered knowledge of Sandblast by Vehumet.
  5796 | D:6      | Reached skill level 8 in Conjurations
  5847 | D:6      | Shot with an arrow by a centaur

Illustrated notes

Levels and vault maps discovered:
D:1:      kennysheep_arrival_forest, layout_basic, basic_ecumenical_altar,
          minmay_misc_feat_hallway, minmay_domino_2
D:2:      layout_loops_ring, uniq_crazy_yiuf_cottage
D:3:      layout_loops_ring, elyvilon_altar_4
D:4:      minmay_skewed_foursquare, layout_loops_cross,
          minmay_temple_entry_junction_2, serial_shops, shop,
          grunt_decor_clamped
D:5:      layout_basic, minivault_26, uniq_pikel
D:6:      layout_gridville, minmay_misc_feat_encased, minmay_increasing_density,
          uniq_blork_the_orc
Temple:   kilobyte_greek_temple

Skill      XL: |  1  2  3  4  5  6  7  8 |
---------------+-------------------------+-----
Conjurations   | 5 6 7 8 |  8.1
Hexes          | 1 2 4 |  4.9
Dodging        | 3 |  3.6
Spellcasting   | 4 6 7 |  7.5
Stealth        | 3 4 |  4.5
Air Magic      | 2 |  2.3
Fighting       | |  0.8

Action                   |  1- 3 |  4- 6 |  7- 9 || total
-------------------------+-------+-------+-------++-------
Melee: Eveningstar       |       |    13 |       ||    13
 Cast: Magic Dart        |    45 |   116 |    22 ||   183
       Searing Ray       |     5 |     7 |     6 ||    18
       Fulminant Prism   |       |     2 |     5 ||     7
Evoke: Wand              |       |       |     1 ||     1
  Use: Scroll            |       |     5 |     2 ||     7
       Potion            |       |     1 |       ||     1
Armor: Robe              |     7 |     4 |     1 ||    12
Dodge: Dodged            |    17 |    13 |     5 ||    35
